 Dungeon Crawl Stone Soup version 0.31-a0-1529-g7bd419a0e5 (webtiles) character file.

Game seed: 12013960680783930194

2415 Lavandula the Ruffian (level 9, -2/66 HPs)
             Began as a Formicid Shapeshifter on Dec 31, 2023.
             Was an Initiate of Ru.
             Slain by a hornet (4 damage)
             ... on level 7 of the Dungeon.
             The game lasted 00:15:41 (6630 turns).

Lavandula the Ruffian (Formicid Shapeshifter)       Turns: 6630, Time: 00:15:42

Health: -2/66      AC:  8    Str: 30    XL:     9   Next: 76%
Magic:  9/9        EV: 13    Int:  9    God:    Ru [......]
Gold:   138        SH:  0    Dex: 13    Spells: 8/8 levels left

rFire   . .          .
                       - Unarmed
rCold   + . .        (no shield)
rNeg    . . .        y - +3 ring mail "Sisiac" {rElec rC+}
rPois   .            (helmet unavailable)
rElec   +            j - melded scarf {repulsion}
rCorr   .            (gloves currently unavailable)
SInv    +            (boots currently unavailable)
Will    .....        l - amulet of regeneration
Stlth   +            f - +6 ring of strength
HPRegen 1.11/turn    (no ring)
MPRegen 0.11/turn

%: no passive effects
@: lethally poisoned (-2 -> -12), beast-form
A: beast (slay +4), permanent stasis, dig shafts and tunnels, antennae 3, four
strong arms
a: Dig, Shaft Self, Begin Untransformation, Renounce Religion


You were on level 7 of the Dungeon.
You worshipped Ru.
Ru was noncommittal.
You were a hulking beast.
You visited 1 branch of the dungeon, and saw 7 of its levels.

You collected 300 gold pieces.
You spent 162 gold pieces at shops.

Inventory:

Armour
 a - a +0 animal skin
 b - a +2 leather armour of poison resistance
 j - a scarf of repulsion (melded)
 y - the +3 ring mail "Sisiac" (worn) {rElec rC+}
   (You found it on level 6 of the Dungeon)

   rC+:       It protects you from cold.
   rElec:     It insulates you from electricity.
 z - +0 swamp dragon scales
 B - a +1 robe of fire resistance
Jewellery
 f - a +6 ring of strength (left hand)
 l - an amulet of regeneration (around neck)
Talismans
 c - a beast talisman (active)
 d - a flux talisman
 k - a blade talisman
Wands
 D - a wand of flame (13)
Scrolls
 e - a scroll of brand weapon {unknown}
 g - a scroll of blinking {unknown}
 i - 4 scrolls of revelation
 n - 5 scrolls of teleportation {unknown}
 o - a scroll of poison
 p - 5 scrolls of amnesia {unknown}
 r - a scroll of fear {unknown}
 s - a scroll of immolation {unknown}
 t - a scroll of vulnerability {unknown}
 w - a scroll of acquirement {unknown}
 x - a scroll of noise {unknown}
Potions
 h - 2 potions of brilliance
 m - 6 potions of curing
 u - a potion of might {unknown}
 v - a potion of haste {unknown}
 A - a potion of attraction {unknown}
 C - a potion of enlightenment {unknown}


   Skills:
 + Level 4.5 Fighting
 - Level 6.6 Dodging
 - Level 7.8 Unarmed Combat
 - Level 7.0 Shapeshifting


You had 8 spell levels left.
You didn't know any spells.
Your spell library contained the following spells:

 Spells                   Type           Power      Damage    Failure   Level
 Kiss of Death            Conj/Necr      0%         2d5       52%         1
 Sting                    Conj/Alch      0%         1d3       52%         1
 Mercury Vapours          Alch/Air       0%         N/A       65%         2
 Confusing Touch          Hex            0%         N/A       87%         3
 Tukima's Dance           Hex            0%         N/A       87%         3
 Animate Armour           Summ/Erth      0%         N/A       99%         4
 Dimensional Bullseye     Hex/Tloc       0%         N/A       99%         4
 Dispel Undead            Necr           0%         3d6       99%         4
 Iskenderun's Mystic Bla  Conj/Tloc      0%         2d3       99%         4
 Olgreb's Toxic Radiance  Alch           0%         N/A       99%         4
 Summon Lightning Spire   Summ/Air       0%         N/A       99%         4
 Lee's Rapid Deconstruct  Erth           0%         3d4*      100%        5


Dungeon Overview and Level Annotations

Branches:
Dungeon (7/15)             Temple (0/1) D:6

Altars:
Ru
Uskayaw
Xom

Shops:
D:2 ?

Annotations:
D:3 3 runed translucent doors, losten's ghost, weakling DsGl


Innate Abilities, Weirdness & Mutations

You are a hulking beast.
Your limbs bulge with bestial killing power. (Slay +4)
You cannot be hasted, slowed, berserked, paralysed or teleported.
You can dig through walls and to a lower floor.
You have a pair of large antennae on your head. (SInv)
Your four strong arms can wield two-handed weapons with a shield.


Message History

The hornet misses you.
You punch the hornet!
The hornet is almost dead.
You feel very sick. The hornet stings you!
You are more poisoned.
Your stasis prevents you from being slowed.
You closely miss the hornet.
The hornet is severely wounded.
You feel very sick. The hornet barely misses you.
You hit the hornet.
The hornet is almost dead.
You feel very sick.
The hornet stings you but does no damage.
You hit the hornet but do no damage.
The hornet is almost dead.
You feel sick. The hornet stings you!
You are more poisoned.
Your stasis prevents you from being slowed.
The hornet stings you!
* * * LOW HITPOINT WARNING * * *
You are lethally poisoned!
Your stasis prevents you from being slowed.
Aiming: Paralyse
Press: ? - help, Shift-Dir - straight line, f/p - hornet
Aim: a hornet (almost dead, chance to affect: 39%)
The hornet resists with some effort.
The now-empty wand crumbles to dust.
* * * LOW HITPOINT WARNING * * *
You feel extremely sick. The hornet barely misses you.
There is a lethal amount of poison in your body!
Okay, then.
Unknown command.
Unknown command.
Okay, then.
* * * LOW HITPOINT WARNING * * *
You feel very sick. The hornet stings you.
You die...

..####...........####.{#.........
#..#.....#...##...# ##.....##....
##...........##..####....### ..#.
......#.##...[<)..##....## ...
..))..########.†.........###..(.>
..))#...## #.##.##.............
....##......##....#......#.......
5.... ..................###.y..##
#.... ..........h.......# .....#
................y........


ooy.# ...###).................. ...[# ..# .................. ....
................. .... ................. .......##....... #..... ....... You
could see a hornet.

Vanquished Creatures
  Pikel (D:7)
  Maggie (D:7)
  Eustachio (D:5)
  Duvessa (D:5)
  A water moccasin (D:7)
  An ice beast (D:6)
  2 scorpions
  Dowan (D:5)
  5 killer bees
  A howler monkey (D:5)
  A bombardier beetle (D:4)
  A quasit (D:6)
  2 jellies (D:5)
  A hound (D:4)
  4 orc priests
  6 iguanas
  Natasha (thrice) (D:2)
  2 orc wizards
  4 gnolls (D:4)
  9 adders
  4 shadow imps (D:6)
  2 white imps
  4 ufetubi (D:6)
  4 dart slugs
  A ribbon worm (D:2)
  14 orcs
  7 ball pythons
  7 endoplasms
  4 giant cockroaches
  5 goblins
  3 hobgoblins
  5 quokkas
  5 bats
  A frilled lizard (D:3)
  5 kobolds
  2 rats
121 creatures vanquished.

Notes
Turn   | Place    | Note
-------+----------+-------------------------------------------
     0 | D:1      | Lavandula the Formicid Shapeshifter began the quest for the
                  | Orb.
     0 | D:1      | Reached XP level 1. HP: 15/15 MP: 1/1
   311 | D:1      | Reached XP level 2. HP: 21/21 MP: 2/2
   918 | D:2      | Reached XP level 3. HP: 19/26 MP: 3/3
  1053 | D:2      | Noticed Natasha
  1062 | D:2      | Killed Natasha
  1063 | D:2      | Reached XP level 4. HP: 26/32 MP: 4/4
  1423 | D:2      | Reached skill level 5 in Unarmed Combat
  1423 | D:2      | Noticed Natasha
  1437 | D:2      | Killed Natasha
  1438 | D:2      | Reached XP level 5. HP: 28/37 MP: 5/5
  1714 | D:2      | Noticed Natasha
  1724 | D:2      | Killed Natasha
  1832 | D:2      | Found Ilynos's Magic Scroll Emporium.
  1835 | D:2      | Bought a scroll of identify for 24 gold pieces
  1835 | D:2      | Bought a scroll of poison for 48 gold pieces
  2305 | D:3      | Found a runed translucent gate.
  2305 | D:3      | Found a runed translucent gate.
  2316 | D:3      | Reached XP level 6. HP: 36/43 MP: 6/6
  2341 | D:3      | Found a runed translucent gate.
  2343 | D:3      | Noticed losten's ghost (weakling DsGl)
  3044 | D:2      | Bought a scroll of revelation for 90 gold pieces
  3139 | D:4      | Reached skill level 5 in Shapeshifting
  3510 | D:4      | Reached XP level 7. HP: 36/48 MP: 7/7
  4205 | D:5      | Entered Level 5 of the Dungeon
  4245 | D:5      | Found a hide-covered altar of Uskayaw.
  4381 | D:5      | Noticed Eustachio
  4437 | D:5      | Killed Eustachio
  4438 | D:5      | Reached XP level 8. HP: 39/54 MP: 8/8
  4812 | D:5      | You fall into a shaft and drop 2 floors!
  5296 | D:6      | Found a staircase to the Ecumenical Temple.
  5342 | D:6      | Found a sacrificial altar of Ru.
  5356 | D:6      | Became a worshipper of Ru the Awakened
  5366 | D:6      | Identified the +3 ring mail "Sisiac" {rElec rC+}
  5535 | D:6      | Found a shimmering altar of Xom.
  6076 | D:5      | Noticed Dowan
  6080 | D:5      | Noticed Duvessa
  6084 | D:5      | Killed Dowan
  6095 | D:5      | Killed Duvessa
  6370 | D:7      | Reached XP level 9. HP: 43/59 MP: 9/9
  6469 | D:7      | Noticed Pikel
  6494 | D:7      | Killed Pikel
  6498 | D:7      | Noticed Maggie
  6530 | D:7      | Noticed a hornet
  6553 | D:7      | Killed Maggie
  6630 | D:7      | HP: 2/66 [poisoned by a hornet]
  6630 | D:7      | Slain by a hornet

Illustrated notes

Levels and vault maps discovered:
D:1:      onia_arrival_mini_spirals, layout_rooms, serial_co_window_serial,
          co_window_corner_a, co_window_of_opportunity_a, co_window_corner_a,
          co_window_corner_a, co_window_of_opportunity_a,
          co_window_of_opportunity_b, co_window_corner_cb,
          co_window_of_opportunity_c, co_window_2corner, co_window_paths_c,
          co_window_corner_ca, co_window_paths_c, glass_columns_c,
          glass_columns_b, glass_columns_b
D:2:      layout_basic, serial_shops, nicolae_shop_rolled_up, uniq_natasha
D:3:      layout_loops_corners, gammafunk_ghost_necromancy
D:4:      layout_basic, minmay_misc_feat_diagonals
D:5:      layout_loops_cross, nicolae_uskayaw_murder_on_the_dancefloor,
          uniq_duvessa, uniq_eustachio
D:6:      layout_cave_pools, mainiacjoe_overflow_six_doors_small,
          hangedman_ru_absence, minmay_temple_entry_large_hall, serial_demonic,
          serial_demonic_g, serial_demonic_f, serial_demonic_e,
          serial_demonic_f, serial_demonic_d, serial_demonic_b
D:7:      layout_cave_pools, mainiacjoe_overflow_tiny_flanked, uniq_pikel,
          uniq_maggie, uniq_crazy_yiuf_cottage

Skill      XL: |  1  2  3  4  5  6  7  8  9 |
---------------+----------------------------+-----
Unarmed Combat | 4 5 6 7 |  7.8
Shapeshifting  | 4 5 7 |  7.0
Dodging        | 4 6 |  6.6
Fighting       | 4 |  4.5

Action                     |  1- 3 |  4- 6 |  7- 9 || total
---------------------------+-------+-------+-------++-------
  Melee: Unarmed           |    55 |   142 |   257 ||   454
         Punch             |     1 |       |     4 ||     5
Ability: Shaft Self        |       |       |     2 ||     2
         Begin Untransform |       |       |     1 ||     1
  Evoke: Wand              |       |     2 |     7 ||     9
    Use: Scroll            |       |     2 |     2 ||     4
         Potion            |       |     1 |     3 ||     4
   Stab: Sleeping          |       |     1 |       ||     1
         Paralysed         |       |     4 |    17 ||    21
 Armour: Animal skin       |    22 |    53 |     8 ||    83
         Skin              |       |    15 |   201 ||   216
         Ring mail         |       |       |    31 ||    31
  Dodge: Dodged            |    39 |    76 |   208 ||   323
   Form: Flux              |     1 |     1 |       ||     2
         Beast             |     1 |       |     1 ||     2

Table legend: (Time is in decaauts)
 A = Elapsed time spent in this place.
 B = Non-inter-level travel time spent in this place.
 C = Inter-level travel time spent in this place.
 D = Time resting spent in this place.
 E = Time spent auto-exploring this place.
 F = Levels seen in this place.
 G = Mean time per level.
                   A        B        C        D        E       F      G
               +--------+--------+--------+--------+--------+-----+--------+
         Total |   6586 |   6313 |    273 |    755 |   4327 |   7 |  940.9 |
       Dungeon |   6586 |   6313 |    273 |    755 |   4327 |   7 |  940.9 |
               +--------+--------+--------+--------+--------+-----+--------+

Top non-repeatable levels by time:
     D:3: 1183 daAuts
     D:4: 1091 daAuts
     D:5: 1065 daAuts
     D:2: 1029 daAuts
     D:6: 982 daAuts
     D:1: 882 daAuts
     D:7: 353 daAuts
